 Dungeon Crawl Stone Soup version 0.29.0-4-gdea44cf6ec (webtiles) character file.

Game seed: 4966294680477153255

259 qw the Chopper (level 6, -3/35 HPs)
             Began as a Tengu Warper on Aug 29, 2022.
             Slain by a gnoll
             ... wielding a +0 spear
             ... led by a gnoll sergeant
              (4 damage)
             ... on level 5 of the Dungeon.
             The game lasted 00:00:29 (4568 turns).

qw the Chopper (Tengu Warper)                       Turns: 4568, Time: 00:00:29

Health: -3/35      AC: 11    Str: 14    XL:     6   Next: 17%
Magic:  0/10       EV:  9    Int: 13    God:
Gold:   222        SH:  0    Dex: 13    Spells: 9/9 levels left

rFire   . . .      SeeInvis .   Y - +0 hand axe
rCold   . . .      Faith    .   (no shield)
rNeg    . . .      Spirit   +   b - +0 plate armour
rPois   .          Reflect  .   (helmet restricted)
rElec   .          Harm     .   (no cloak)
rCorr   .          Rampage  .   (no gloves)
Will    .....                   (boots unavailable)
Stlth   ..........              h - amulet of guardian spirit
HPRegen 0.11/turn               g - +4 ring of evasion
MPRegen 0.12/turn               (no ring)

@: about to teleport, flying quickly and evasively, quick
A: beak, talons 3, nimble flight
a: no special abilities


You were on level 5 of the Dungeon.
You visited 1 branch of the dungeon, and saw 5 of its levels.

You collected 222 gold pieces.


Innate Abilities, Weirdness & Mutations

You have a beak for a mouth.
You have claws for feet.
Your magical nature lets you fly swiftly and evasively.


   Skills:
 - Level 2.0 Fighting
 + Level 6.2 Axes
 - Level 1.0 Throwing
 - Level 3.0 Armour
 - Level 2.1 Dodging
 - Level 2.0 Spellcasting
 - Level 2.4 Translocations


You had 9 spell levels left.
You didn't know any spells.
Your spell library contained the following spells:

 Spells                   Type           Power      Damage    Failure   Level
 Blink                    Tloc           14%        N/A       100%        2
 Gell's Gravitas          Tloc           7%         N/A       100%        3
 Lesser Beckoning         Tloc           7%         N/A       100%        3
 Teleport Other           Tloc           7%         N/A       100%        3
 Manifold Assault         Tloc           7%         N/A       100%        5

Inventory:

Hand Weapons
 i - a +0 flail
 Y - a +0 hand axe (weapon)
Missiles
 c - 2 boomerangs (quivered)
Armour
 b - a +0 plate armour (worn)
Jewellery
 g - a +4 ring of evasion (left hand)
 h - an amulet of guardian spirit (around neck)
Scrolls
 a - a scroll of identify
 l - a scroll of amnesia {unknown}
Potions
 d - a potion of curing
 f - 2 potions of might
 j - a potion of lignification {unknown}
 k - a potion of cancellation {unknown}
 m - a potion of haste

Dungeon Overview and Level Annotations

Branches:
Dungeon (5/15)
 Temple: D:4-7

Altars:
Dithmenos
Fedhas
Uskayaw
Zin
The Shining One

Shops:
D:1 [   D:2 [   D:4 (

Annotations:
D:2 1 runed translucent door, Crazy Yiuf


Message History

You barely miss the gnoll. You claw the gnoll!
The gnoll is heavily wounded.
The gnoll hits you but does no damage.
You barely miss the gnoll.
The gnoll is heavily wounded.
The gnoll barely misses you.
You barely miss the gnoll.
The gnoll is heavily wounded.
The gnoll hits you with a +0 whip.
You barely miss the gnoll. You claw the gnoll.
You kill the gnoll!
A gnoll comes into view. It is wielding a +0 spear.
The gnoll sergeant hits you from afar with a +0 trident of protection!
The gnoll sergeant hits you with a +0 trident of protection.
You see here a +0 spear.
You completely miss the gnoll sergeant.
You claw the gnoll sergeant, but do no damage.
You peck the gnoll sergeant.
The gnoll sergeant is lightly wounded.
The gnoll sergeant hits you with a +0 trident of protection!
You hit the gnoll sergeant but do no damage.
Your kick misses the gnoll sergeant.
The gnoll sergeant is lightly wounded.
The gnoll hits you from afar with a +0 spear.
The gnoll sergeant barely misses you.
You barely miss the gnoll sergeant. Your kick misses the gnoll sergeant.
You peck the gnoll sergeant, but do no damage.
The gnoll sergeant is lightly wounded.
The gnoll hits you from afar with a +0 spear.
The gnoll sergeant hits you but does no damage.
4567 ||| READING scroll of teleportation.
As you read the scroll of teleportation, it crumbles to dust.
You feel strangely unstable. The gnoll hits you but does no damage.
The gnoll sergeant hits you with a +0 trident of protection!
You closely miss the gnoll sergeant. You claw the gnoll sergeant.
Your peck misses the gnoll sergeant.
The gnoll sergeant is lightly wounded.
The gnoll hits you from afar with a +0 spear.
You die...

#....# #....# #
##########....## +.
............>(.. #..
#........#.(...# #...
#........#.....# #....
#........#....##
#....g###).......#......
.....$g@.........##...##
.......).........# #.##
.................# .#
#########...$....#
#........# #.$.>....#
##########


You could see a gnoll sergeant and a gnoll.

Vanquished Creatures
  Blork the orc (D:4)
  A hound (D:4)
  Robin (D:2)
  3 gnolls (D:5)
  6 adders
  A dart slug (D:1)
  2 orcs
  3 bats
  6 endoplasms
  2 giant cockroaches (D:1)
  8 goblins
  7 hobgoblins
  3 jackals (D:1)
  6 kobolds
  3 quokkas
  5 ball pythons
  4 frilled lizards (D:1)
  7 rats
69 creatures vanquished.

Vanquished Creatures (others)
  A plant (D:5)
1 creature vanquished.

Grand Total: 70 creatures vanquished

Notes
Turn   | Place    | Note
-------+----------+-------------------------------------------
     0 | D:1      | qw the Tengu Warper began the quest for the Orb.
     0 | D:1      | Reached XP level 1. HP: 12/12 MP: 4/4
     0 | D:1      | 0 ||| qw: Version: 0.1-a-89-g26bdef1
     0 | D:1      | 0 ||| qw: Game counter: 3584
     0 | D:1      | 0 ||| qw: Always use a shield: true
     0 | D:1      | 0 ||| qw: God list: Okawaru
     0 | D:1      | 0 ||| qw: Allow faded altars: false
     0 | D:1      | 0 ||| qw: Do Orc after D:15 true
     0 | D:1      | 0 ||| qw: Do second Lair branch before Depths: true
     0 | D:1      | 0 ||| qw: Lair rune preference: random
     0 | D:1      | 0 ||| qw: Plans: Normal
     0 | D:1      | 0 ||| PLANNING D:1-11
   299 | D:1      | Reached XP level 2. HP: 17/17 MP: 6/6
   314 | D:1      | Reached skill level 3 in Axes
   364 | D:1      | 364 ||| Stepping ~*~*~tactically~*~*~ (hiding).
   466 | D:1      | 466 ||| Stepping ~*~*~tactically~*~*~ (hiding).
   876 | D:1      | Found Akoachet's Armour Shoppe.
   885 | D:1      | Reached XP level 3. HP: 19/21 MP: 7/7
   925 | D:1      | 925 ||| SHOPLISTING +0 chain mail (63 gold, have 46).
   925 | D:1      | 925 ||| SHOPLISTING +0 cloak (63 gold, have 46).
   925 | D:1      | 925 ||| SHOPLISTING +2 troll leather armour (378 gold, have
                  | 46).
  1012 | D:1      | 1012 ||| UPGRADING to +4 ring of evasion.
  1013 | D:1      | 1013 ||| READING scroll labelled GAS IRELODEMYRCH.
  1014 | D:1      | 1014 ||| READING 3 scrolls labelled LOIN AMMAXADUIZECH.
  1018 | D:1      | 1018 ||| READING scroll labelled GUTO ZASECA.
  1019 | D:1      | 1019 ||| READING scroll labelled OMMOSEUMUSCH.
  1020 | D:1      | 1020 ||| READING scroll labelled OMOCSUOFUZ.
  1021 | D:1      | 1021 ||| READING scroll labelled ASECWA MIRCHUUNG.
  1022 | D:1      | 1022 ||| DRINKING 2 amethyst potions.
  1023 | D:1      | 1023 ||| DROPPING scroll of blinking.
  1024 | D:1      | 1024 ||| READING 2 scrolls of teleportation.
  1056 | D:2      | Reached skill level 4 in Axes
  1123 | D:2      | 1123 ||| DROPPING +0 club.
  1171 | D:2      | Noticed Robin
  1184 | D:2      | Killed Robin
  1185 | D:2      | Reached XP level 4. HP: 15/26 MP: 8/8
  1370 | D:2      | Found Xuuqeec's Antique Armour Boutique.
  1373 | D:2      | 1373 ||| SHOPLISTING +15 Maxwell's patent armour {-Cast
                  | -Tele rElec Will+ rCorr} (2021 gold, have 55).
  1373 | D:2      | 1373 ||| SHOPLISTING dyed leather armour (95 gold, have
                  | 55).
  1373 | D:2      | 1373 ||| SHOPLISTING glowing chain mail (142 gold, have
                  | 55).
  1373 | D:2      | 1373 ||| SHOPLISTING pair of glowing gloves (142 gold, have
                  | 55).
  1373 | D:2      | 1373 ||| SHOPLISTING ring mail (76 gold, have 55).
  1428 | D:2      | 1428 ||| Stepping ~*~*~tactically~*~*~ (stealth).
  1864 | D:2      | Reached skill level 5 in Axes
  1876 | D:2      | 1876 ||| Stepping ~*~*~tactically~*~*~ (stealth).
  1877 | D:2      | 1877 ||| Stepping ~*~*~tactically~*~*~ (stealth).
  1878 | D:2      | 1878 ||| Stepping ~*~*~tactically~*~*~ (stealth).
  1880 | D:2      | 1880 ||| Stepping ~*~*~tactically~*~*~ (stealth).
  1894 | D:2      | Found a runed translucent door.
  1895 | D:2      | Noticed Crazy Yiuf
  1970 | D:2      | 1970 ||| UPGRADING to +0 ring mail.
  1980 | D:2      | 1980 ||| DROPPING +0 leather armour.
  1981 | D:2      | 1981 ||| DROPPING ring of wizardry.
  1982 | D:2      | 1982 ||| READING scroll labelled ZIUROL JYNOL.
  1983 | D:2      | 1983 ||| DRINKING 2 lumpy orange potions.
  2021 | D:3      | 2021 ||| STAIRDANCE
  2813 | D:3      | Found a faded altar of an unknown god.
  2962 | D:3      | 2962 ||| UPGRADING to +0 plate armour.
  2972 | D:3      | 2972 ||| DROPPING +0 ring mail.
  2973 | D:3      | 2973 ||| UPGRADING to amulet of guardian spirit.
  3244 | D:3      | 3244 ||| READING 2 scrolls of teleportation.
  3245 | D:3      | 3245 ||| STAIRDANCE
  3440 | D:4      | Found a blossoming altar of Fedhas.
  3442 | D:4      | Found a shadowy altar of Dithmenos.
  3442 | D:4      | Found a glowing golden altar of the Shining One.
  3450 | D:4      | Noticed Blork the orc
  3459 | D:4      | Killed Blork the orc
  3460 | D:4      | Reached skill level 3 in Armour
  3460 | D:4      | Gained mutation: Your magical nature lets you fly swiftly
                  | and evasively. [Tengu growth]
  3460 | D:4      | Reached XP level 5. HP: 11/30 MP: 3/9
  3648 | D:4      | 3648 ||| DROPPING +0 whip.
  3780 | D:4      | 3780 ||| FLEEEEING.
  3781 | D:4      | 3781 ||| FLEEEEING.
  3782 | D:4      | 3782 ||| FLEEEEING.
  3783 | D:4      | 3783 ||| FLEEEEING.
  3784 | D:4      | 3784 ||| FLEEEEING.
  3785 | D:4      | 3785 ||| FLEEEEING.
  3786 | D:4      | 3786 ||| FLEEEEING.
  3787 | D:4      | 3787 ||| FLEEEEING.
  3788 | D:4      | 3788 ||| FLEEEEING.
  3789 | D:4      | 3789 ||| FLEEEEING.
  3790 | D:4      | 3790 ||| STAIRDANCE
  3998 | D:3      | 3998 ||| DRINKING 2 black potions.
  4033 | D:4      | Found a hide-covered altar of Uskayaw.
  4283 | D:4      | Found Ydutaom's Weapon Boutique.
  4290 | D:4      | Reached XP level 6. HP: 35/35 MP: 10/10
  4405 | D:4      | 4405 ||| READING 2 scrolls of identify.
  4405 | D:4      | 4405 ||| IDENTIFYING grey potion
  4406 | D:4      | 4406 ||| DROPPING potion of berserk rage.
  4459 | D:3      | Found a glowing silver altar of Zin.
  4485 | D:5      | Entered Level 5 of the Dungeon
  4491 | D:5      | 4491 ||| Stepping ~*~*~tactically~*~*~ (stealth).
  4492 | D:5      | 4492 ||| Stepping ~*~*~tactically~*~*~ (stealth).
  4500 | D:5      | Reached skill level 6 in Axes
  4553 | D:5      | 4553 ||| Stepping ~*~*~tactically~*~*~ (stealth).
  4566 | D:5      | HP: 7/35 [gnoll/+0 spear[a gnoll sergeant] (4)]
  4567 | D:5      | 4567 ||| READING scroll of teleportation.
  4567 | D:5      | HP: 1/35 [gnoll sergeant/+0 trident of protection (6)]
  4568 | D:5      | Slain by a gnoll

Levels and vault maps discovered:
D:1:      heliophobic_arrival_dark_side_of_the_moon, layout_basic, serial_shops,
          nicolae_shop_window_shopping, nrook_campfire, bh_walls_and_bars
D:2:      layout_loops_ring, serial_shops, nicolae_shop_behind_doors,
          uniq_crazy_yiuf_cottage, uniq_robin
D:3:      layout_loops_ring, nicolae_overflow_hidden_temple,
          shapermc_ecumenical_altar_mp_ritualfount, grunt_ministairs_4
D:4:      layout_loops_cross, mainiacjoe_overflow_boulevard,
          chequers_temple_overflow_statue_of_worship, serial_shops,
          nicolae_shop_bloodbath_and_beyond, kennysheep_big_empty_room,
          uniq_blork_the_orc
D:5:      layout_basic, fountainhead, saegor_snake_ambush

Skill      XL: |  1  2  3  4  5  6 |
---------------+-------------------+-----
Axes           | 3 4 5 6 |  6.2
Armour         | 3 |  3.0
Fighting       | |  2.0
Throwing       | |  1.0
Dodging        | |  2.1
Spellcasting   | |  2.0
Translocations | |  2.4

Action                   |  1- 3 |  4- 6 || total
-------------------------+-------+-------++-------
Melee: Hand axe          |    62 |    96 ||   158
       Kick              |    15 |    29 ||    44
       Peck              |     8 |    15 ||    23
Throw: Boomerang         |     7 |       ||     7
  Use: Scroll            |     7 |     4 ||    11
       Potion            |     1 |     2 ||     3
Armor: Leather armour    |     3 |     3 ||     6
       Ring mail         |       |     3 ||     3
       Plate armour      |       |    24 ||    24
Dodge: Dodged            |    28 |    43 ||    71

Table legend:
 A = Non-vault XP
 B = Vault XP
 C = Vault XP percentage of total XP
 D = Non-vault monster count
 E = Vault monster count
 F = Vault count percentage of total count
                 A         B        C        D         E       F
            +---------+---------+-------+---------+---------+-------
      Total |     246 |     125 |  33.7 |      59 |      10 |  14.5
            +---------+---------+-------+---------+---------+-------
        D:1 |      42 |       0 |   0.0 |      25 |       0 |   0.0
        D:2 |      47 |      29 |  38.2 |      16 |       8 |  33.3
        D:3 |      25 |       2 |   7.4 |       8 |       1 |  11.1
        D:4 |      86 |      94 |  52.2 |       6 |       1 |  14.3
        D:5 |      46 |       0 |   0.0 |       4 |       0 |   0.0
            +---------+---------+-------+---------+---------+-------
